Map: 16-Bit LE

Players

GOStephano (Stephano) - Winner!

  • Race: Zerg Zerg
  • Spawn Location: 1:00

Has

  • Race: Protoss Protoss
  • League: Master
  • Spawn Location: 7:00

Event: WCS Austin 2018

VOD

Have the link to the VOD?

Description

Time

  • Played on: June 1, 2018, 11:01 p.m.
  • Length: 8:43

All games in this series

Show
View Real Time Build Order
Export as new Build Order

GOStephano Zerg - Winner!

Build Orders: Hatch First 

Get SALT Encoding   

  12  0:00  Drone  
  13  0:12  Overlord  
  13  0:17  Drone  
  14  0:31  Drone x2  
  16  0:50  Hatchery  
  16  0:52  Drone  
  16  0:56  Drone  
  17  1:00  Drone  
  18  1:10  Extractor  
  17  1:15  Spawning Pool  
  16  1:19  Drone  
  16  1:22  Drone  
  18  1:28  Drone  
  19  1:39  Drone  
  20  1:56  Drone  
  21  2:01  Queen  
  21  2:02  Overlord, Queen  
  21  2:04  Zergling x2  
  26  2:12  Metabolic Boost  
  26  2:23  Drone  
  26  2:24  Drone  
  26  2:25  Drone x2  
  30  2:33  Drone  
  31  2:37  Queen  
  31  2:39  Overlord  
  33  2:52  Hatchery  
  32  3:00  Drone x2  
  32  3:01  Overlord  
  32  3:03  Drone  
  36  3:05  Drone  
  36  3:10  Evolution Chamber  
  36  3:11  Drone  
  40  3:20  Drone x4  
  40  3:24  Spore Crawler, Drone  
  40  3:29  Drone x2  
  42  3:34  Overlord  
  42  3:37  Zerg Melee Weapons Level 1  
  42  3:43  Zergling x4  
  42  3:47  Overlord  
  45  3:55  Drone x2  
  45  3:56  Drone x4  
  45  4:00  Queen  
  52  4:09  Spore Crawler, Drone  
  52  4:12  Zergling x4  
  52  4:14  Queen  
  56  4:22  Zergling x12  
  62  4:29  Overlord  
  62  4:37  Overlord  
  63  4:38  Zergling x6  
  63  4:39  Spine Crawler  
  63  4:41  Spine Crawler  
  62  4:49  Zergling x14  
  62  4:50  Zergling x2  
  69  4:59  Zergling x8  
  73  5:00  Queen  
  73  5:03  Overlord  
  75  5:15  Drone x3  
  73  5:26  Drone x6  
  75  5:30  Drone x2  
  75  5:34  Extractor  
  75  5:35  Zerg Missile Weapons Level 1  
  73  5:36  Drone x2  
  73  5:38  Roach Warren  
  73  5:42  Lair  
  71  5:50  Drone x6  
  76  5:57  Overlord x2  
  76  6:01  Queen, Extractor  
  76  6:05  Overlord x3  
  76  6:09  Overlord x2  
  74  6:24  Drone  
  74  6:25  Drone x2  
  76  6:27  Roach x5  
  86  6:35  Roach x4  
  86  6:36  Hatchery  
  93  6:41  Glial Reconstitution  
  93  6:43  Roach x3  
  93  6:45  Pneumatized Carapace  
  99  6:51  Drone x2  
  99  6:53  Extractor  
  100  6:56  Roach  
  100  6:57  Roach x2  
  106  7:04  Roach x3  
  112  7:09  Overseer  
  112  7:13  Extractor x2  
  109  7:16  Roach x2  
  109  7:18  Zergling x18  
  122  7:24  Roach  
  124  7:33  Roach x4  
  131  7:37  Roach x2  
  133  7:49  Roach x6  
  137  7:54  Roach  
  137  7:55  Roach  
  131  7:58  Roach  
  131  8:03  Zergling x14  
  131  8:04  Queen x2  
  131  8:05  Queen  
  144  8:14  Roach x4  
  150  8:20  Roach  
  150  8:24  Roach x2  
Show
View Real Time Build Order
Export as new Build Order

Has Protoss 

Build Orders: 1 Gate Expand 

Get SALT Encoding   

  12  0:00  Probe  
  13  0:12  Probe  
  14  0:20  Pylon  
  14  0:24  Probe  
  15  0:35  Probe  
  15  0:38  Gateway  
  16  0:43  Probe  
  16  0:48  Assimilator  
  17  0:52  Probe  
  18  1:05  Probe  
  19  1:17  Probe  
  20  1:25  Nexus  
  20  1:35  Cybernetics Core  
  20  1:38  Probe  
  21  1:44  Assimilator  
  21  1:50  Probe  
  22  1:54  Pylon  
  22  2:02  Stalker, Probe  
  22  2:04  Warp Gate  
  23  2:14  Probe  
  26  2:25  Twilight Council, Probe  
  27  2:33  Probe  
  27  2:38  Probe  
  27  2:41  Probe  
  29  2:50  Robotics Facility  
  30  2:51  Charge  
  30  2:52  Probe  
  30  2:53  Probe  
  32  3:06  Probe  
  32  3:07  Probe  
  34  3:19  Gateway  
  34  3:21  Gateway  
  34  3:23  Gateway  
  34  3:28  Sentry, Probe  
  34  3:29  Probe  
  34  3:30  Warp Prism  
  38  3:35  Pylon  
  40  3:46  Pylon  
  40  3:48  Probe x2  
  42  3:55  Forge  
  42  4:00  Probe  
  42  4:02  Probe  
  44  4:03  Observer  
  45  4:12  Probe  
  46  4:17  Zealot x3  
  46  4:18  Zealot  
  46  4:22  Protoss Ground Weapons Level 1, Probe  
  55  4:24  Probe, Pylon  
  56  4:31  Pylon  
  56  4:41  Zealot x3  
  56  4:47  Probe  
  56  4:51  Zealot x4  
  66  4:55  Nexus  
  65  5:00  Immortal  
  65  5:01  Pylon  
  69  5:14  Zealot  
  69  5:15  Zealot  
  69  5:16  Zealot  
  69  5:18  Probe  
  69  5:19  Probe  
  58  5:29  Zealot  
  58  5:30  Probe  
  58  5:35  Probe  
  60  5:40  Nexus  
  60  5:46  Zealot  
  60  5:47  Zealot x2  
  65  5:51  Probe, Warp Prism  
  60  6:02  Gateway  
  60  6:03  Nexus  
  61  6:05  Gateway  
  61  6:07  Gateway, Shield Battery  
  61  6:10  Sentry x3, Pylon  
  67  6:19  Gateway  
  67  6:20  Gateway  
  67  6:22  Immortal  
  67  6:26  Photon Cannon  
  73  6:41  Zealot x2  
  73  6:42  Zealot  
  73  6:43  Probe  
  73  6:46  Zealot  
  80  6:50  Pylon  
  80  6:57  Pylon  
  80  7:02  Zealot x3  
  80  7:04  Zealot  
  88  7:26  Zealot x4  
  88  7:27  Zealot x3  
  88  7:29  Sentry  
  104  7:30  Sentry  
  104  7:48  Zealot x3  
  104  7:49  Zealot x4  
  106  7:56  Zealot x2  
  96  8:10  Zealot  
  96  8:11  Zealot x4, Sentry x2  
  106  8:18  Zealot x2  
  82  8:32  Zealot  
  82  8:33  Zealot x4  
Tags
 
Add a new tag
Caveats
  • Supply blocks, unpowered buildings, or Contaminate may cause inaccurate times.
  • Supply counts are checked every 10 seconds.